TOP OF THE 1ST |
Calgary Cowboys batting - Pitching for Gresham Gold Souls : RHP León Trevino
|
Pitching: RHP León Trevino
|
|
Batting: RHB Derek Carr
|
0-0: Ball 1-0: Ball 2-0: Foul Ball, location: 2F 2-1: SINGLE (Line Drive, 7LS)
|
Batting: RHB Mike Wilcox
|
0-0: Ball 1-0: Ball 2-0: Foul Ball, location: 2F 2-1: Swinging Strike 2-2: Foul Ball, location: 2F 2-2: Strikes out swinging
|
Batting: RHB Ramón Martínez
|
0-0: Ball 1-0: Called Strike 1-1: Ball 2-1: Grounds into double play, 6-4-3 (Groundball, 6)
|
Top of the 1st over - 0 run(s), 1 hit(s), 0 error(s), 0 left on base; Calgary 0 - Gresham 0 |
BOTTOM OF THE 1ST |
Gresham Gold Souls batting - Pitching for Calgary Cowboys : RHP Lucas Taylor
|
Pitching: RHP Lucas Taylor
|
|
Batting: LHB Mike Young
|
0-0: Ball 1-0: Ball 2-0: Ball 3-0: Base on Balls
|
Batting: RHB Carlos García
|
0-0: Called Strike 0-1: Ball 1-1: Swinging Strike 1-2: TRIPLE (Flyball, 9D) Mike Young scores
|
Batting: RHB Lorenzo Morín
|
0-0: Called Strike Single, Error in OF, E8, batter to second base Carlos García scores
|
Batting: RHB Lorenzo Guzmán
|
0-0: Called Strike 0-1: Foul Ball, location: 2F 0-2: Strikes out looking
|
Batting: RHB Claudio Guerra
|
0-0: Ball 1-0: Ball 2-0: Ball 3-0: Called Strike 3-1: Ground out 6-3 (Groundball, 6)
|
Batting: RHB Pablo Lucero
|
0-0: Called Strike 0-1: Swinging Strike 0-2: Ground out 4-3 (Groundball, 4)
|
Bottom of the 1st over - 2 run(s), 2 hit(s), 1 error(s), 1 left on base; Calgary 0 - Gresham 2 |
TOP OF THE 2ND |
Calgary Cowboys batting - Pitching for Gresham Gold Souls : RHP León Trevino
|
Batting: RHB Cristián Peña
|
0-0: Ball 1-0: Foul Ball, location: 2F 1-1: SINGLE (Line Drive, 7LS)
|
Batting: RHB Dan Wyatt
|
0-0: Ball 1-0: Called Strike 1-1: Foul Ball, location: 2F 1-2: Foul Ball, location: 2F 1-2: Foul Ball, location: 2F 1-2: Ground out 4-3 (Groundball, 4M) Cristián Peña to second
|
Batting: RHB Mario Sánchez
|
0-0: Ball 1-0: Foul Ball, location: 2F 1-1: Foul Ball, location: 2F 1-2: Ball 2-2: Strikes out swinging
|
Batting: RHB Júlio Soto
|
0-0: Ball 1-0: Called Strike 1-1: Ball 2-1: Foul Ball, location: 2F 2-2: SINGLE (Line Drive, 89S) Cristián Peña to third
|
Batting: LHB Freddy Herrera
|
0-0: Ball 1-0: Called Strike 1-1: Ball 2-1: Called Strike 2-2: SINGLE (Groundball, 56D) Cristián Peña scores Júlio Soto to second
|
Batting: RHB Tom Yarbrough
|
0-0: Ball 1-0: Foul Ball, location: 2F 1-1: Foul Ball, location: 2F 1-2: Ground out 4-3 (Groundball, 4)
|
Top of the 2nd over - 1 run(s), 3 hit(s), 0 error(s), 2 left on base; Calgary 1 - Gresham 2 |
BOTTOM OF THE 2ND |
Gresham Gold Souls batting - Pitching for Calgary Cowboys : RHP Lucas Taylor
|
Batting: SHB Ryu Kichida
|
0-0: Swinging Strike 0-1: Swinging Strike 0-2: Ball 1-2: Ground out 4-3 (Groundball, 4)
|
Batting: RHB Pablo Castillo
|
0-0: Ball 1-0: Called Strike 1-1: Foul Ball, location: 2F 1-2: Foul Ball, location: 2F 1-2: Ball 2-2: Ground out 6-3 (Groundball, 6)
|
Batting: SHB Vicente Martínez
|
0-0: Ball 1-0: Ball 2-0: Called Strike 2-1: Ball 3-1: DOUBLE (Groundball, 3L)
|
Batting: LHB Mike Young
|
0-0: Fly out, F7 (Line Drive, 7LM)
|
Bottom of the 2nd over - 0 run(s), 1 hit(s), 0 error(s), 1 left on base; Calgary 1 - Gresham 2 |
TOP OF THE 3RD |
Calgary Cowboys batting - Pitching for Gresham Gold Souls : RHP León Trevino
|
Batting: RHB Derek Carr
|
0-0: Swinging Strike 0-1: Swinging Strike 0-2: Strikes out swinging
|
Batting: RHB Mike Wilcox
|
0-0: Called Strike 0-1: Ground out 6-3 (Groundball, 6M)
|
Batting: RHB Ramón Martínez
|
0-0: Called Strike 0-1: Ball 1-1: SINGLE (Line Drive, 89S)
|
Batting: RHB Cristián Peña
|
0-0: SINGLE (Line Drive, 4MD) Ramón Martínez to second Runner from 2nd tries for 3rd, SAFE, throw made to third
|
Batting: RHB Dan Wyatt
|
0-0: Ball 1-0: Called Strike 1-1: Ball 2-1: Foul Ball, location: 2F 2-2: Foul Ball, location: 2F 2-2: Ball 3-2: Foul Ball, location: 2F 3-2: Strikes out swinging
|
Top of the 3rd over - 0 run(s), 2 hit(s), 0 error(s), 2 left on base; Calgary 1 - Gresham 2 |
BOTTOM OF THE 3RD |
Gresham Gold Souls batting - Pitching for Calgary Cowboys : RHP Lucas Taylor
|
Batting: RHB Carlos García
|
0-0: Ground out 5-3 (Groundball, 5)
|
Batting: RHB Lorenzo Morín
|
0-0: Called Strike 0-1: Ball 1-1: SOLO HOME RUN (Flyball, 7D), Distance : 379 ft
|
Batting: RHB Lorenzo Guzmán
|
0-0: Called Strike 0-1: Ball 1-1: Ball 2-1: Foul Ball, location: 2F 2-2: Foul Ball, location: 2F 2-2: Foul Ball, location: 2F 2-2: Ball 3-2: Strikes out looking
|
Batting: RHB Claudio Guerra
|
0-0: Foul Ball, location: 2F 0-1: Called Strike 0-2: Ball 1-2: Foul Ball, location: 2F 1-2: Ball 2-2: Foul Ball, location: 2F 2-2: Ground out 6-3 (Groundball, 6)
|
Bottom of the 3rd over - 1 run(s), 1 hit(s), 0 error(s), 0 left on base; Calgary 1 - Gresham 3 |
TOP OF THE 4TH |
Calgary Cowboys batting - Pitching for Gresham Gold Souls : RHP León Trevino
|
Batting: RHB Mario Sánchez
|
0-0: Ball 1-0: Ground out 4-3 (Groundball, 4)
|
Batting: RHB Júlio Soto
|
0-0: Ball 1-0: Ball 2-0: Called Strike 2-1: Fly out, F8 (Flyball, 8RM)
|
Batting: LHB Freddy Herrera
|
0-0: Fly out, F9 (Flyball, 89M)
|
Top of the 4th over - 0 run(s), 0 hit(s), 0 error(s), 0 left on base; Calgary 1 - Gresham 3 |
BOTTOM OF THE 4TH |
Gresham Gold Souls batting - Pitching for Calgary Cowboys : RHP Lucas Taylor
|
Batting: RHB Pablo Lucero
|
0-0: Ball 1-0: Ground out 1-3 (Groundball, 15S)
|
Batting: SHB Ryu Kichida
|
0-0: Called Strike 0-1: Ball 1-1: Ball 2-1: Foul Ball, location: 2F 2-2: Ball 3-2: Base on Balls
|
Batting: RHB Pablo Castillo
|
0-0: Called Strike 0-1: Ball 1-1: Foul Ball, location: 2F 1-2: Grounds into double play, 6-4-3 (Groundball, 56)
|
Bottom of the 4th over - 0 run(s), 0 hit(s), 0 error(s), 0 left on base; Calgary 1 - Gresham 3 |
TOP OF THE 5TH |
Calgary Cowboys batting - Pitching for Gresham Gold Souls : RHP León Trevino
|
Batting: RHB Tom Yarbrough
|
0-0: Ball 1-0: Foul Ball, location: 2F 1-1: Bunted foul 1-2: Ground out 6-3 (Groundball, 6M)
|
Batting: RHB Derek Carr
|
0-0: Ball 1-0: Ball 2-0: Ground out 4-3 (Groundball, 4)
|
Batting: RHB Mike Wilcox
|
0-0: Foul Ball, location: 2F 0-1: Ball 1-1: Foul Ball, location: 2F 1-2: Ground out 6-3 (Groundball, 6)
|
Top of the 5th over - 0 run(s), 0 hit(s), 0 error(s), 0 left on base; Calgary 1 - Gresham 3 |
BOTTOM OF THE 5TH |
Gresham Gold Souls batting - Pitching for Calgary Cowboys : RHP Lucas Taylor
|
Batting: SHB Vicente Martínez
|
0-0: Ball 1-0: Ball 2-0: Swinging Strike 2-1: Foul Ball, location: 2F 2-2: Ball 3-2: Base on Balls
|
Batting: LHB Mike Young
|
0-0: Ball 1-0: Ball 2-0: SINGLE (Line Drive, 6) Vicente Martínez to second
|
Batting: RHB Carlos García
|
0-0: Called Strike 0-1: Ball 1-1: Ball 2-1: Grounds into double play, 5-4-3 (Groundball, 5) Vicente Martínez to third
|
Batting: RHB Lorenzo Morín
|
0-0: Swinging Strike 0-1: Foul Ball, location: 2F 0-2: Ball Wild Pitch! Vicente Martínez scores 1-2: Ball 2-2: Foul Ball, location: 2F 2-2: Fly out, F4 (Popup, 4MD)
|
Bottom of the 5th over - 1 run(s), 1 hit(s), 0 error(s), 0 left on base; Calgary 1 - Gresham 4 |
TOP OF THE 6TH |
Calgary Cowboys batting - Pitching for Gresham Gold Souls : RHP León Trevino
|
Batting: RHB Ramón Martínez
|
0-0: Ground out 1-3 (Groundball, 13S)
|
Batting: RHB Cristián Peña
|
0-0: Ball 1-0: Reached on error, E5 (Groundball, 56S)
|
Batting: RHB Dan Wyatt
|
0-0: Called Strike 0-1: Foul Ball, location: 2F 0-2: Strikes out looking
|
Batting: RHB Mario Sánchez
|
0-0: Ball 1-0: Ball 2-0: Ball 3-0: Called Strike 3-1: SINGLE (Groundball, 56S) Cristián Peña to second
|
Batting: RHB Júlio Soto
|
0-0: Ball 1-0: Called Strike 1-1: Called Strike 1-2: Ball 2-2: Ball 3-2: Ground out 6-3 (Groundball, 6)
|
Top of the 6th over - 0 run(s), 1 hit(s), 1 error(s), 2 left on base; Calgary 1 - Gresham 4 |
BOTTOM OF THE 6TH |
Gresham Gold Souls batting - Pitching for Calgary Cowboys : RHP Lucas Taylor
|
Batting: RHB Lorenzo Guzmán
|
0-0: Ball 1-0: Fly out, F8 (Flyball, 8RS)
|
Batting: RHB Claudio Guerra
|
0-0: Foul Ball, location: 2F 0-1: Ball 1-1: Ball 2-1: Foul Ball, location: 2F 2-2: SINGLE (Flyball, 8RS)
|
Batting: RHB Pablo Lucero
|
0-0: Called Strike 0-1: Swinging Strike 0-2: Ball 1-2: Foul Ball, location: 2F 1-2: Strikes out swinging
|
Batting: SHB Ryu Kichida
|
0-0: Ball 1-0: Ball 2-0: Called Strike 2-1: Ball 3-1: Base on Balls Claudio Guerra to second
|
Pitching: RHP Eric Bell
|
|
Batting: RHB Pablo Castillo
|
0-0: Called Strike 0-1: Ball 1-1: Ball 2-1: Foul Ball, location: 2F 2-2: Ball 3-2: Ground out 6-3 (Groundball, 6M)
|
Bottom of the 6th over - 0 run(s), 1 hit(s), 0 error(s), 2 left on base; Calgary 1 - Gresham 4 |
TOP OF THE 7TH |
Calgary Cowboys batting - Pitching for Gresham Gold Souls : RHP León Trevino
|
Pitching: RHP Carlos Hendrix
|
|
Batting: LHB Freddy Herrera
|
0-0: Bunted foul 0-1: Ball 1-1: Ball 2-1: Foul Ball, location: 2F 2-2: Foul Ball, location: 2F 2-2: Foul Ball, location: 2F 2-2: Strikes out swinging
|
Batting: RHB Tom Yarbrough
|
0-0: Called Strike 0-1: Ball 1-1: Ground out 5-3 (Groundball, 56)
|
Batting: RHB Derek Carr
|
0-0: Called Strike 0-1: Ball 1-1: Ball 2-1: Ball 3-1: Called Strike 3-2: Strikes out looking
|
Top of the 7th over - 0 run(s), 0 hit(s), 0 error(s), 0 left on base; Calgary 1 - Gresham 4 |
BOTTOM OF THE 7TH |
Gresham Gold Souls batting - Pitching for Calgary Cowboys : RHP Eric Bell
|
Batting: SHB Vicente Martínez
|
0-0: Ball 1-0: Ground out 4-3 (Groundball, 4)
|
Batting: LHB Mike Young
|
0-0: Called Strike 0-1: Foul Ball, location: 2F 0-2: Ball 1-2: Ball 2-2: Ball 3-2: Strikes out swinging
|
Batting: RHB Carlos García
|
0-0: Called Strike 0-1: Swinging Strike 0-2: Ground out U3 (Groundball, 3S)
|
Bottom of the 7th over - 0 run(s), 0 hit(s), 0 error(s), 0 left on base; Calgary 1 - Gresham 4 |
TOP OF THE 8TH |
Calgary Cowboys batting - Pitching for Gresham Gold Souls : RHP Carlos Hendrix
|
Batting: RHB Mike Wilcox
|
0-0: Swinging Strike 0-1: Called Strike 0-2: Strikes out swinging
|
Batting: RHB Ramón Martínez
|
0-0: Ball 1-0: SINGLE (Line Drive, 4D)
|
Pitching: RHP Ricky Gutiérrez
|
|
Batting: RHB Cristián Peña
|
0-0: Grounds into double play, 6-4-3 (Groundball, 6)
|
Top of the 8th over - 0 run(s), 1 hit(s), 0 error(s), 0 left on base; Calgary 1 - Gresham 4 |
BOTTOM OF THE 8TH |
Gresham Gold Souls batting - Pitching for Calgary Cowboys : RHP Eric Bell
|
Batting: RHB Lorenzo Morín
|
0-0: Called Strike 0-1: Ball 1-1: Ball 2-1: Ball 3-1: Called Strike 3-2: Base on Balls
|
Batting: RHB Lorenzo Guzmán
|
0-0: Fly out, F8 (Flyball, 8RXD)
|
Batting: RHB Claudio Guerra
|
0-0: Called Strike 0-1: Foul Ball, location: 2F 0-2: Foul Ball, location: 2F 0-2: Foul Ball, location: 2F 0-2: Ball 1-2: Grounds into double play, 6-4-3 (Groundball, 6)
|
Bottom of the 8th over - 0 run(s), 0 hit(s), 0 error(s), 0 left on base; Calgary 1 - Gresham 4 |
TOP OF THE 9TH |
Calgary Cowboys batting - Pitching for Gresham Gold Souls : RHP Ricky Gutiérrez
|
Pitching: LHP Pepe Caro
|
|
Now at C: Luke McIndoe
|
|
Batting: RHB Dan Wyatt
|
0-0: Called Strike 0-1: Ground out 6-3 (Groundball, 6)
|
Batting: RHB Mario Sánchez
|
0-0: Called Strike 0-1: Ball 1-1: SINGLE (Line Drive, 4MD)
|
Batting: RHB Júlio Soto
|
0-0: Ball 1-0: Swinging Strike 1-1: Ball 2-1: Fielders Choice at 2nd, 1-6 (Groundball, 15S)
|
Batting: LHB Freddy Herrera
|
0-0: Ball 1-0: Foul Ball, location: 2F 1-1: Ball 2-1: Fly out, F5 (Popup, 5DF)
|
Top of the 9th over - 0 run(s), 1 hit(s), 0 error(s), 1 left on base; Calgary 1 - Gresham 4 |
|